Map: Turbo Cruise '84 LE

Players

SandboX

  • Race: Zerg Zerg
  • Spawn Location: 3:00

VOD

Have the link to the VOD?

Description

Time

  • Played on: Aug. 10, 2019, 12:32 p.m.
  • Length: 5:22
Show
View Real Time Build Order
Export as new Build Order

SandboX Zerg 

Build Orders:  

Get SALT Encoding   

  12  0:03  Drone  
  13  0:23  Overlord  
  13  0:26  Drone  
  14  0:55  Drone  
  14  0:56  Drone x2  
  17  1:17  Hatchery  
  16  1:24  Drone  
  16  1:27  Drone  
  18  1:33  Extractor  
  17  1:54  Spawning Pool  
  16  2:14  Drone x2  
  16  2:16  Drone  
  19  2:36  Overlord  
  19  3:03  Zergling x4  
  19  3:09  Drone  
  22  3:18  Queen  
  22  3:19  Queen  
  26  3:22  Drone x2  
  28  3:54  Overlord  
  28  3:55  Overlord  
  28  4:03  Hatchery  
  27  4:17  Metabolic Boost  
  27  4:21  Drone  
  27  4:22  Drone x3  
  27  4:23  Drone  
  32  4:35  Baneling Nest  
  31  4:49  Zergling x2  
  32  4:50  Zergling x4  
Tags
 
Add a new tag
Caveats
  • Supply blocks, unpowered buildings, or Contaminate may cause inaccurate times.
  • Supply counts are checked every 10 seconds.